 Dungeon Crawl Stone Soup version 0.20.1-1-g8b1a95d (webtiles) character file.

2341 PheasantPlucker the Protected (level 9, -3/56 HPs)
             Began as a Gargoyle Monk on Dec 15, 2017.
             Was an Elder of Okawaru.
             Slain by an orc warrior
             ... wielding a +0 trident
              (15 damage)
             ... on level 7 of the Dungeon on Dec 16, 2017.
             The game lasted 00:27:07 (5556 turns).

PheasantPlucker the Protected (Gargoyle Monk)       Turns: 5556, Time: 00:27:09

Health: -3/56      AC: 17    Str: 18 (19) XL:     9   Next: 43%
Magic:  9/9        EV: 11    Int:  7 (10) God:    Okawaru [****..]
Gold:   261        SH:  0    Dex:  9 (12) Spells: 8/8 levels left

rFire    + . .     SeeInvis .   a - +2 mace (venom)
rCold    . . .     Gourm    .   (no shield)
rNeg     + . .     Faith    .   i - +2 ring mail {rF+}
rPois    ∞         Spirit   .   (helmet restricted)
rElec    +         Reflect  .   s - +2 cloak {rPois}
rCorr    .         Harm     .   (no gloves)
MR       .....                  (no boots)
Stlth    ++........             (no amulet)
Regen    0.2/turn               (no ring)
MPRegen  0.2/turn               (no ring)

@: flying
A: big wings, horns 1, negative energy resistance 1, electricity resistance,
unbreathing, petrification resistance, rot immunity, AC +5
a: Stop Flying, Heroism, Renounce Religion


You were on level 7 of the Dungeon.
You worshipped Okawaru.
Okawaru was greatly pleased with you.
You were hungry.

You visited 1 branch of the dungeon, and saw 7 of its levels.

You collected 261 gold pieces.

Inventory:

Hand Weapons
 a - a +2 mace of venom (weapon)
 b - a cursed -2 arbalest
 e - a +2 whip of freezing
Missiles
 d - 5 javelins of penetration (quivered)
Armour
 i - a +2 ring mail of fire resistance (worn)
 s - a +2 cloak of poison resistance (worn)
Wands
 g - a wand of clouds (2/9)
 l - a wand of lightning (5/15)
Scrolls
 j - 7 scrolls of identify
 n - a scroll of magic mapping
Comestibles
 c - 5 bread rations
 k - 2 meat rations
 m - 8 fruits
 o - 2 royal jellies
 p - 3 chunks of flesh


   Skills:
 + Level 6.6 Fighting
 + Level 6.8 Maces & Flails
 * Level 8.4 Armour
 - Level 2.5 Dodging
 + Level 6.3 Stealth


You had 8 spell levels left.
You didn't know any spells.

Dungeon Overview and Level Annotations

Branches:
Dungeon (7/15)
 Temple: D:4-7

Altars:
Ashenzari
Okawaru
Qazlal
Ru
Trog
Vehumet
Yredelemnul


Innate Abilities, Weirdness & Mutations

You are resistant to torment.
Your stone body is resilient. (AC +5)
You are immune to poison.
You resist negative energy. (rN+)
You are resistant to electric shocks. (rElec)
You can survive without breathing.
You are immune to petrification.
You are immune to rotting.
Your large and strong wings let you fly indefinitely.
You have a pair of small horns on your head.


Message History

The orc priest is lightly wounded.
The orc priest hits you but does no damage.
The orc warrior hits you but does no damage.
You barely miss the orc priest.
The orc priest is lightly wounded.
The orc priest closely misses you.
The orc warrior hits you from afar with a trident!
* * * LOW HITPOINT WARNING * * *
You sock the orc priest!
The orc priest looks as sick as possible!
The orc priest is heavily wounded.
The orc priest closely misses you.
The orc warrior hits you but does no damage.
You hit the orc priest.
The orc priest looks as sick as possible!
The orc priest is almost dead.
You kill the orc priest!
Okawaru accepts your kill.
The orc warrior hits you from afar with a trident!
You die...

#......<.#
#.##.....# #.
#.....# #.
#.....# #.
#.....#
#.##.....#
#.#......#
#[#......#
#)@......#
......†o.......>#
...#.o....!####.#
. .......#.# .#
.........#.# #
...#.....#.#
...#..!..#.# ..
#.....#


You could see an orc warrior and an orc.

Vanquished Creatures
  Pikel (D:4)
  The ghost of Doomgape the Cleaver, a novice DgFi (D:6)
  Sigmund (D:5)
  A water moccasin (D:7)
  An ice beast (D:5)
  An orc warrior (D:6)
  A sky beast (D:6)
  A slave (D:4)
  A centaur (D:3)
  A bullfrog (D:6)
  Blork the orc (D:5)
  A gnoll sergeant (D:6)
  2 jellies
  Crazy Yiuf (D:2)
  2 hounds
  2 orc priests
  A centaur skeleton (D:5)
  5 worker ants
  Terence (D:2)
  Natasha (thrice) (D:3)
  3 orc wizards
  A hound skeleton (D:6)
  A worker ant zombie (D:6)
  A howler monkey skeleton (D:6)
  3 gnolls (D:6)
  8 adders
  3 worms
  3 dart slugs
  6 leopard geckos
  11 orcs
  3 giant cockroaches
  11 goblins
  9 hobgoblins
  6 jackals
  7 kobolds
  A quokka (D:4)
  2 ball pythons (D:4)
  9 bats
  5 frilled lizards
  12 rats
134 creatures vanquished.

Notes
Turn   | Place    | Note
-------+----------+-------------------------------------------
     0 | D:1      | PheasantPlucker the Gargoyle Monk began the quest for the Orb.
     0 | D:1      | Reached XP level 1. HP: 14/14 MP: 1/1
     4 | D:1      | Noticed an electric eel
   157 | D:1      | Reached XP level 2. HP: 18/19 MP: 2/2
   580 | D:1      | Reached XP level 3. HP: 18/23 MP: 3/3
   845 | D:2      | Reached skill level 1 in Armour
  1116 | D:2      | Found a runed door.
  1156 | D:2      | Reached XP level 4. HP: 29/29 MP: 4/4
  1160 | D:2      | Noticed Terence
  1179 | D:2      | Killed Terence
  1179 | D:2      | Reached skill level 2 in Armour
  1290 | D:2      | Found an iron altar of Okawaru.
  1324 | D:2      | Became a worshipper of Warmaster Okawaru
  1324 | D:2      | Reached * piety under Okawaru
  1324 | D:2      | Reached ** piety under Okawaru
  1711 | D:2      | Noticed Crazy Yiuf
  1724 | D:2      | Killed Crazy Yiuf
  1724 | D:2      | Reached XP level 5. HP: 10/33 MP: 5/5
  2208 | D:3      | Noticed Natasha
  2218 | D:3      | Killed Natasha
  2229 | D:3      | Noticed Natasha
  2239 | D:3      | Killed Natasha
  2239 | D:3      | Reached skill level 3 in Armour
  2265 | D:3      | Noticed Natasha
  2283 | D:3      | Killed Natasha
  2283 | D:3      | Reached XP level 6. HP: 26/38 MP: 6/6
  2464 | D:3      | Reached skill level 5 in Maces & Flails
  2529 | D:3      | Reached skill level 4 in Armour
  2958 | D:4      | Noticed a slave
  2958 | D:4      | Noticed a slave
  3001 | D:4      | Killed a slave
  3076 | D:4      | Noticed Pikel
  3077 | D:4      | Noticed a slave
  3079 | D:4      | Noticed a slave
  3087 | D:4      | Killed Pikel
  3087 | D:4      | Reached *** piety under Okawaru
  3087 | D:4      | Received a gift from Okawaru
  3087 | D:4      | Reached skill level 5 in Fighting
  3087 | D:4      | Reached skill level 5 in Armour
  3087 | D:4      | Reached XP level 7. HP: 24/44 MP: 7/7
  3483 | D:4      | Reached XP level 8. HP: 49/49 MP: 8/8
  3912 | D:5      | Entered Level 5 of the Dungeon
  3953 | D:5      | Reached skill level 6 in Armour
  4013 | D:5      | Found a shattered altar of Ashenzari.
  4229 | D:5      | Noticed Blork the orc
  4245 | D:5      | Killed Blork the orc
  4288 | D:5      | Noticed Sigmund
  4290 | D:5      | Gained mutation: Your large and strong wings let you fly indefinitely. [potion of mutation]
  4290 | D:5      | Gained mutation: Your mind is acute. (Int +2) [potion of mutation]
  4290 | D:5      | Lost mutation: Your mind is acute. (Int +2) [potion of mutation]
  4290 | D:5      | Gained mutation: You have a pair of small horns on your head. [potion of mutation]
  4307 | D:5      | Killed Sigmund
  4307 | D:5      | Reached skill level 5 in Stealth
  4357 | D:5      | Found a radiant altar of Vehumet.
  4461 | D:5      | Reached **** piety under Okawaru
  4819 | D:6      | Reached skill level 7 in Armour
  5010 | D:6      | Noticed Doomgape's ghost (novice DgFi)
  5021 | D:6      | Reached XP level 9. HP: 41/55 MP: 9/9
  5087 | D:6      | Found a sacrificial altar of Ru.
  5121 | D:6      | Killed Doomgape's ghost
  5401 | D:6      | Reached skill level 8 in Armour
  5427 | D:6      | Found a stormy altar of Qazlal.
  5427 | D:6      | Found a basalt altar of Yredelemnul.
  5431 | D:6      | Found a bloodstained altar of Trog.
  5556 | D:7      | Slain by an orc warrior

Skill      XL: |  1  2  3  4  5  6  7  8  9 |
---------------+----------------------------+-----
Armour         | 1 2 3 5 7 8 |  8.4
Maces & Flails | 4 5 6 |  6.8
Fighting       | 4 5 6 |  6.6
Stealth        | 4 5 6 |  6.3
Dodging        | |  2.5

Action                   |  1- 3 |  4- 6 |  7- 9 || total
-------------------------+-------+-------+-------++-------
Melee: Mace              |   120 |   172 |   204 ||   496
       Headbutt          |       |       |    21 ||    21
Invok: Heroism           |       |       |     1 ||     1
 Abil: Fly               |       |       |     1 ||     1
  Use: Potion            |     2 |     3 |     5 ||    10
       Scroll            |       |     8 |     3 ||    11
 Stab: Sleeping          |     1 |     3 |     3 ||     7
  Eat: Chunk             |     1 |     6 |     8 ||    15
Armor: Robe              |     2 |       |       ||     2
       Ring mail         |    50 |   111 |    88 ||   249
Dodge: Dodged            |    69 |   151 |   116 ||   336
